 Dungeon Crawl Stone Soup version 0.23.0-3-gf3c87f2 (webtiles) character file.

Game seed: 2037496151576693418

2020 Madoushi the Cleaver (level 9, -2/79 HPs)
             Began as a Minotaur Berserker on Feb 22, 2019.
             Was a High Priest of Trog.
             Slain by a wyvern skeleton (3 damage)
             ... on level 6 of the Dungeon.
             The game lasted 00:11:33 (4565 turns).

Madoushi the Cleaver (Minotaur Berserker)           Turns: 4565, Time: 00:11:34

Health: -2/79      AC: 14    Str: 25    XL:     9   Next: 3%
Magic:  8/8        EV:  9    Int:  4    God:    Trog [*****.]
Gold:   113        SH:  0    Dex: 10    Spells: 8/8 levels left

rFire    . . .     SeeInvis .   w - +1 war axe (chop)
rCold    . . .     Gourm    .   (no shield)
rNeg     + . .     Faith    .   m - +2 plate armour {rN+}
rPois    .         Spirit   .   (helmet restricted)
rElec    .         Reflect  .   (no cloak)
rCorr    .         Harm     .   (no gloves)
MR       .....                  (no boots)
Stlth    ..........             A - amulet of regeneration
HPRegen  0.63/turn              x - ring of attention (curse)
MPRegen  0.11/turn              (no ring)

@: no status effects
A: retaliatory headbutt, horns 2
a: Berserk, Trog's Hand, Brothers in Arms, Renounce Religion


You were on level 6 of the Dungeon.
You worshipped Trog.
Trog was extremely pleased with you.
You were not hungry.

You visited 1 branch of the dungeon, and saw 6 of its levels.

You collected 243 gold pieces.
You spent 130 gold pieces at shops.

Inventory:

Hand Weapons
 a - a +0 hand axe
 w - a +1 war axe of chopping (weapon)
Armour
 b - a +0 animal skin
 k - a +0 cloak
 m - a +2 plate armour of positive energy (worn)
Jewellery
 f - a cursed -5 ring of intelligence
 o - a cursed ring of attention
 x - a cursed ring of attention (left hand)
 A - an amulet of regeneration (around neck)
Wands
 r - a wand of iceblast (7)
Scrolls
 g - 10 scrolls of identify
 h - 4 scrolls of remove curse {unknown}
 i - 6 scrolls of teleportation
 j - 3 scrolls of noise {unknown}
 n - 2 scrolls of immolation {unknown}
 p - a scroll of enchant armour {unknown}
 q - a scroll of blinking {unknown}
 t - a scroll of fog {unknown}
 y - 3 scrolls of magic mapping {unknown}
Potions
 d - 2 potions of magic {unknown}
 e - 2 potions of curing
 l - 2 potions of berserk rage
 s - 2 potions of cancellation {unknown}
 u - a potion of agility
 v - a potion of mutation {unknown}
 z - a potion of brilliance {unknown}
Comestibles
 c - 3 rations


   Skills:
 + Level 7.1 Fighting
 + Level 10.8 Axes
 + Level 6.1 Armour
 + Level 4.8 Dodging
 + Level 0.7 Stealth


You had 8 spell levels left.
You didn't know any spells.
Your spell library was empty.

Dungeon Overview and Level Annotations

Branches:
Dungeon (6/15)             Temple (0/1) D:6

Altars:
Qazlal
Zin

Shops:
D:4 (


Innate Abilities, Weirdness & Mutations

You reflexively headbutt those who attack you in melee.
You have a pair of horns on your head.


Message History

Okay, then.
As you read the scroll labeled LAOTIGOGI, it crumbles to dust.
You feel strangely unstable.
It was a scroll of teleportation.
Something hits you but does no damage. x2
The wyvern skeleton barely misses you.
The leopard gecko bites you but does no damage.
The wyvern skeleton bites you but does no damage.
The leopard gecko barely misses you. You furiously retaliate!
You headbutt the leopard gecko!
You kill the leopard gecko!
Trog accepts your kill. Something hits you but does no damage.
Items here: ! $ ( )) ? [[ †† Your surroundings seem slightly different.
Something hits you.
* * * LOW HITPOINT WARNING * * *
Something hits you!
* * * LOW HITPOINT WARNING * * *
The wyvern skeleton bites you.
You die...

#.# ######........###.#.## #.#
#####.#####.....###.# ####.##
#...#.#####.####)#.### #...#.#
#......)).........)...
#.#############################
#.####...())..# #...##
#.##......#)..##.....#
#.##..(.^##...#.......
#.#......##..Z@....... ######
#......####...#....... #.....
######## #...##.....# #.####
#...# #...## #...# #### #...#
## '...# #. .#...# #. #.


You could see a wyvern skeleton.

Vanquished Creatures
  Prince Ribbit (D:6)
  Eustachio (D:6)
  2 ice beasts
  A sky beast (D:6)
  2 phantoms (D:4)
  2 ogres (D:6)
  A centaur (D:6)
  Blork the orc (D:6)
  A bullfrog (D:6)
  A scorpion (D:4)
  A howler monkey (D:4)
  A crimson imp (D:6)
  A bullfrog zombie (D:5)
  A hound (D:6)
  4 orc priests
  A jelly (D:6)
  5 orc wizards (D:4)
  A centaur skeleton (D:4)
  Ijyb (D:3)
  Natasha (twice) (D:3)
  A hound zombie (D:5)
  7 adders
  3 gnolls (D:4)
  A howler monkey skeleton (D:4)
  3 oozes
  2 adder skeletons
  4 worms
  3 dart slugs
  7 leopard geckos
  18 orcs
  12 bats
  9 giant cockroaches
  10 goblins
  6 hobgoblins
  7 jackals
  3 quokkas
  A ball python (D:2)
  16 frilled lizards
  A jackal skeleton (D:4)
  7 kobolds
  A quokka skeleton (D:4)
  A quokka zombie (D:5)
  7 rats
161 creatures vanquished.

Vanquished Creatures (others)
  An orc wizard (D:6)
1 creature vanquished.

Grand Total: 162 creatures vanquished

Notes
Turn   | Place    | Note
-------+----------+-------------------------------------------
     0 | D:1      | Madoushi the Minotaur Berserker began the quest for the
                  | Orb.
     0 | D:1      | Reached XP level 1. HP: 19/19 MP: 0/0
   139 | D:1      | Reached skill level 4 in Axes
   139 | D:1      | Reached XP level 2. HP: 26/27 MP: 1/1
   326 | D:1      | Reached XP level 3. HP: 26/33 MP: 2/2
   527 | D:1      | Reached ** piety under Trog
   946 | D:2      | Noticed an ice beast
   950 | D:2      | Reached XP level 4. HP: 32/41 MP: 3/3
   956 | D:2      | Killed an ice beast
   956 | D:2      | Reached skill level 5 in Fighting
   956 | D:2      | Reached skill level 5 in Axes
   956 | D:2      | Reached XP level 5. HP: 43/48 MP: 4/4
  1788 | D:3      | Noticed Natasha
  1797 | D:3      | Killed Natasha
  1797 | D:3      | Reached skill level 6 in Axes
  1817 | D:3      | Noticed Ijyb
  1837 | D:3      | Killed Ijyb
  1837 | D:3      | Reached XP level 6. HP: 53/56 MP: 5/5
  2023 | D:3      | Reached *** piety under Trog
  2120 | D:3      | Noticed Natasha
  2125 | D:3      | Killed Natasha
  2375 | D:4      | Reached skill level 7 in Axes
  2375 | D:4      | Reached XP level 7. HP: 55/61 MP: 6/6
  2643 | D:4      | Found Neimamp's Antique Weapon Boutique.
  2648 | D:4      | Bought a glowing war axe for 130 gold pieces
  3014 | D:4      | Reached skill level 8 in Axes
  3015 | D:4      | Reached **** piety under Trog
  3262 | D:5      | Entered Level 5 of the Dungeon
  3526 | D:5      | Found a glowing silver altar of Zin.
  3697 | D:5      | Found a stormy altar of Qazlal.
  3949 | D:6      | Reached XP level 8. HP: 70/70 MP: 7/7
  4057 | D:6      | Reached skill level 9 in Axes
  4116 | D:6      | Found a staircase to the Ecumenical Temple.
  4116 | D:6      | Noticed Prince Ribbit
  4159 | D:6      | Killed Prince Ribbit
  4159 | D:6      | Reached skill level 5 in Armour
  4362 | D:6      | Noticed Eustachio
  4385 | D:6      | Killed Eustachio
  4385 | D:6      | Reached skill level 10 in Axes
  4440 | D:6      | Reached ***** piety under Trog
  4530 | D:6      | Noticed Blork the orc
  4553 | D:6      | Killed Blork the orc
  4553 | D:6      | Reached XP level 9. HP: 31/79 MP: 8/8
  4565 | D:6      | HP: 1/79 [something (7)]
  4565 | D:6      | Slain by a wyvern skeleton

Skill      XL: |  1  2  3  4  5  6  7  8 |
---------------+-------------------------+-----
Fighting       | 4 5 6 7 |  7.1
Axes           | 4 5 6 7 8 10 | 10.8
Dodging        | 3 4 |  4.8
Armour         | 3 4 6 |  6.1
Stealth        | |  0.7

Action                   |  1- 3 |  4- 6 |  7- 9 || total
-------------------------+-------+-------+-------++-------
Melee: Hand axe          |    91 |   141 |    21 ||   253
       Headbutt          |    11 |    23 |    37 ||    71
       War axe           |       |       |   194 ||   194
Invok: Berserk           |       |     1 |     2 ||     3
  Use: Scroll            |     1 |       |     1 ||     2
       Potion            |       |     2 |       ||     2
 Stab: Sleeping          |       |     1 |       ||     1
  Eat: Ration            |       |     2 |     1 ||     3
       Chunk             |       |       |     5 ||     5
Armor: Animal skin       |    11 |     6 |       ||    17
       Plate armour      |       |    55 |   148 ||   203
Dodge: Dodged            |    71 |    91 |    64 ||   226
